 Dungeon Crawl Stone Soup version bcrawl-1.13-2-g5ca86534bc (webtiles) character file.

Game seed: 13587960664754621262

27 Chiseanne the Sneak (level 2, 20/28 HPs)
             Began as a Deep Dwarf Archaeologist on Aug 1, 2019.
             Was a Believer of Elyvilon (penitent).
             Quit the game on level 2 of the Dungeon.
             The game lasted 00:02:30 (1160 turns).

Chiseanne the Sneak (Deep Dwarf Archaeologist)      Turns: 1160, Time: 00:02:30

Health: 20/28      AC:  7    Str: 14    XL:     2   Next: 93%
Magic:  2/2        EV: 13    Int: 14    God:    Elyvilon [*]
Gold:   60         SH:  0    Dex: 11    Spells: 1/1 levels left

rFire    . . .     SeeInvis .   y - +0 mace (drain)
rCold    . . .     Gourm    .   (no shield)
rNeg     . . .     Faith    .   b - +1 robe
rPois    .         Spirit   .   c - +1 hat
rElec    .         Reflect  .   (no cloak)
rCorr    .         Harm     .   x - +0 pair of gloves
MR       .....                  d - +1 pair of boots
Stlth    ++........             (no amulet)
HPRegen  0.00/turn              (no ring)
MPRegen  0.08/turn              (no ring)

@: non-regenerating
A: damage resistance, sense surroundings 1, no regeneration
a: Renounce Religion


You were on level 2 of the Dungeon.
You worshipped Elyvilon.
Elyvilon was demanding penance.
You were not hungry.

You visited 1 branch of the dungeon, and saw 2 of its levels.

You collected 60 gold pieces.

Inventory:

Hand Weapons
 s - a +0 short sword
 y - a +0 mace of draining (weapon)
Missiles
 l - 129 sling bullets
 p - 148 bolts
 q - 146 stones (quivered)
Armour
 b - a +1 robe (worn)
 c - a +1 hat (worn)
 d - a +1 pair of boots (worn)
 x - a +0 pair of gloves (worn)
Jewellery
 i - a cursed ring of teleportation {unknown}
Scrolls
 o - a scroll of fog
Potions
 a - a potion of might {unknown}
 j - 3 potions of haste {unknown}
 k - a potion of invisibility {unknown}
 m - a potion of flight {unknown}
 t - a potion of agility {unknown}
 u - a potion of brilliance {unknown}
 v - a potion of magic {unknown}
 w - a potion of lignification {unknown}
Miscellaneous
 e - a dusty tome
 f - an ancient crate
Comestibles
 g - 4 rations {!d}


   Skills:
 + Level 3.0 Fighting
 - Level 1.0 Maces & Flails
 - Level 3.2 Dodging
 - Level 4.0 Stealth


You had one spell level left.
You didn't know any spells.
Your spell library was empty.

Dungeon Overview and Level Annotations

Branches:
Dungeon (2/12)

Altars:


Innate Abilities, Weirdness & Mutations

You are resistant to damage.
You passively map a small area around you.
You do not regenerate.


Message History

"You will pay for your transgression, mortal!"
You hit the frilled lizard.
You kill the frilled lizard!
You see here a frilled lizard corpse.
You butcher the frilled lizard corpse.
h - a chunk of flesh You see here a frilled lizard skeleton.
Eating a chunk of flesh.
You eat the chunk of flesh.
This raw flesh tastes terrible.
There is an open door here.
Elyvilon seems mollified.
A hobgoblin comes into view.
Found 13 gold pieces.
The helpless hobgoblin fails to defend itself.
You feel guilty. "You will pay for your transgression, mortal!"
You hit the hobgoblin.
You kill the hobgoblin!
Your Fighting skill increases to level 3!
Are you sure you want to abandon this character and quit the game? (Confirm with "yes".)

##### ...# *
########.###############
,
.......@................
######...###########....
, #...# #.... , #..$#
########.... #....
,............ * ######
########.... , , ** ,
........ , ######## , *
*


There were no monsters in sight!

Vanquished Creatures
  An ooze (D:1)
  A dart slug (D:1)
  A leopard gecko (D:1)
  3 giant cockroaches (D:1)
  2 goblins (D:1)
  3 hobgoblins
  2 jackals (D:1)
  A quokka (D:1)
  A frilled lizard (D:2)
  2 kobolds (D:1)
  A rat (D:1)
18 creatures vanquished.

Notes
Turn   | Place    | Note
-------+----------+-------------------------------------------
     0 | D:1      | Chiseanne the Deep Dwarf Archaeologist began the quest for
                  | the Orb.
     0 | D:1      | Reached XP level 1. HP: 18/18 MP: 1/1
   197 | D:1      | Reached XP level 2. HP: 23/26 MP: 2/2
   597 | D:1      | Reached ** piety under Elyvilon
  1100 | D:2      | Was placed under penance by Elyvilon
  1148 | D:2      | Was forgiven by Elyvilon
  1158 | D:2      | Was placed under penance by Elyvilon
  1160 | D:2      | Quit the game

Skill      XL: |  1  2 |
---------------+-------+-----
Fighting       | 2 3 |  3.0
Maces & Flails | |  1.0
Dodging        | |  3.2
Stealth        | |  4.0

Action                   || total
-------------------------++-------
Melee: Whip              ||    50
       Short sword       ||    36
       Mace              ||     2
  Use: Scroll            ||     4
 Stab: Sleeping          ||     5
       Distracted        ||     1
  Eat: Chunk             ||     1
Armor: Robe              ||    23
Dodge: Dodged            ||    62
